 Dungeon Crawl Stone Soup version 0.25.0-9-g26727b657a (webtiles) character file.

Game seed: 12641774777348887298

18 Esekla the Grave Robber (level 2, -6/13 HPs)
             Began as a Spriggan Necromancer on June 16, 2020.
             Mangled by Natasha (7 damage)
             ... on level 2 of the Dungeon.
             The game lasted 00:04:53 (1085 turns).

Esekla the Grave Robber (Spriggan Necromancer)      Turns: 1085, Time: 00:04:53

Health: -6/13      AC:  2    Str:  4    XL:     2   Next: 48%
Magic:  6/7        EV: 18    Int: 16    God:
Gold:   26         SH:  0    Dex: 16    Spells: 6/7 levels left

rFire    . . .     SeeInvis +   f - +0 short sword
rCold    . . .     Gourm    .   (shield restricted)
rNeg     . . .     Faith    .   a - +0 robe
rPois    .         Spirit   .   (helmet restricted)
rElec    .         Reflect  .   (no cloak)
rCorr    .         Harm     .   (gloves unavailable)
MR       .....                  (boots unavailable)
Stlth    ++........             (no amulet)
HPRegen  0.04/turn              (no ring)
MPRegen  0.10/turn              (no ring)

@: very quick
A: very small, unfitting armour, see invisible, herbivore, speed 3, slow
metabolism 2
a: no special abilities


You were on level 2 of the Dungeon.
You were not hungry.

You visited 1 branch of the dungeon, and saw 3 of its levels.

You collected 26 gold pieces.

Inventory:

Hand Weapons
 f - a +0 short sword (weapon)
Armour
 a - a +0 robe (worn)
Jewellery
 d - an uncursed ring of fire
Scrolls
 b - 2 scrolls of identify {unknown}
 e - a scroll of enchant weapon {unknown}
 g - a scroll of remove curse {unknown}
 h - a scroll of teleportation {unknown}
Comestibles
 c - 2 rations


   Skills:
 * Level 3.1 Dodging
 + Level 3.2 Stealth
 * Level 3.1 Spellcasting
 + Level 4.0 Necromancy


You had 6 spell levels left.
You knew the following spells:

 Your Spells              Type           Power        Failure   Level  Hunger
a - Pain                  Necr           ###.         3%          1    None

Your spell library contained the following spells:

 Spells                   Type           Power        Failure   Level  Hunger
 Animate Skeleton         Necr           N/A          3%          1    None
 Vampiric Draining        Necr           ###.......   11%         3    ###....
 Animate Dead             Necr           N/A          34%         4    ####...
 Agony                    Necr           ###.....     69%         5    ######.


Dungeon Overview and Level Annotations

Branches:
Dungeon (3/15)

Altars:
Okawaru
Trog
Wu Jian

Annotations:
D:2 Natasha


Innate Abilities, Weirdness & Mutations

You are very small and have problems with some larger weapons.
You are too small for most types of armour.
You have supernaturally acute eyesight. (SInv)
You are a herbivore.
You cover ground extremely quickly.
You need to consume almost no food.


Message History

There is a stone staircase leading up here.
You climb upwards.
A frilled lizard and Natasha come into view.
The frilled lizard hisses angrily.
Found a scroll labeled FOYNUD PEGO.
There is a stone staircase leading down here.
Natasha hisses angrily.
Natasha claws you.
You see here a scroll labeled FOYNUD PEGO.
You hit Natasha but do no damage. Natasha claws you!
Ouch! That really hurt!
* * * LOW HITPOINT WARNING * * *
Casting: Pain (safe; 3% risk of failure)
Confirm with . or Enter, or press ? or * to list all spells.
Aiming: Pain (safe; 3% risk of failure)
Press: ? - help, Shift-Dir - straight line, f - Natasha
Aim: Natasha (chance to defeat MR: 73%) Natasha writhes in agony.
Natasha claws you!
Ouch! That really hurt!
You die...

#######
#..h..#
#..@..#
#..l..#
#.....#
#.......#
#.....#..#
#.....##.#
#.....##.##
###.....<..
#........


You could see Natasha and a frilled lizard.

Vanquished Creatures
  A leopard gecko (D:1)
  2 giant cockroaches
  4 goblins
  A hobgoblin (D:1)
  A quokka (D:3)
  2 frilled lizards (D:1)
  2 kobolds (D:1)
  3 rats
16 creatures vanquished.

Notes
Turn   | Place    | Note
-------+----------+-------------------------------------------
     0 | D:1      | Esekla the Spriggan Necromancer began the quest for the
                  | Orb.
     0 | D:1      | Reached XP level 1. HP: 9/9 MP: 5/5
   469 | D:1      | Reached XP level 2. HP: 7/13 MP: 3/6
   722 | D:2      | Found a bloodstained altar of Trog.
   745 | D:2      | Reached skill level 4 in Necromancy
   859 | D:3      | Found an iron altar of Okawaru.
   874 | D:3      | Found an ornate altar of the Wu Jian Council.
  1082 | D:2      | Noticed Natasha
  1085 | D:2      | Mangled by Natasha

Illustrated notes

Levels and vault maps discovered:
D:1:      dpeg_arrival_chambers_temple_mockup, layout_basic
D:2:      layout_rooms, old_standard_altar, minmay_misc_feat_iff,
          trog_three_pillars_becter, uniq_natasha
D:3:      layout_basic, nicolae_overflow_hidden_temple, lemuel_round_altar,
          first_ration

Skill      XL: |  1  2 |
---------------+-------+-----
Spellcasting   | 3 |  3.1
Necromancy     | 4 |  4.0
Dodging        | |  3.1
Stealth        | |  3.2

Action                   || total
-------------------------++-------
Melee: Short sword       ||    15
 Cast: Pain              ||    17
 Stab: Sleeping          ||     4
Armor: Robe              ||     2
Dodge: Dodged            ||     9
